AoeStats
← PNAL | Bebeganzo

Yucatan

510402424Analyzed
3v3 RM · 2d ago on Sep 30, 2026· 45m 59s· 6 players
Game mode
Random Map
Map size
Normal (6 player)
Population
200
Speed
Normal
Resources
Standard
Victory
Conquest
Starting age
Dark Age
Ending age
Imperial Age
RankedLock teamsTeams togetherTeam positionsShared explorationLock speedFull tech treeHidden civsTurbo modeCheats
Victory
Defeat
1394
+10
🇦🇷 Varangians · Argentina
1343
+12
🇦🇷 Khmer · Argentina
1135
+20
🇨🇦 Huns · Canada
1265
-15
🇦🇷 Spanish · Argentina
1249
-14
🇬🇵 Poles · Guadeloupe
1223
-13
zesen
5:34 Loom
11:22 Feudal Age
16:42 Castle Age
16:36 Double-Bit Axe
16:35 Horse Collar
18:20 Bow Saw
18:10 Heavy Plow
20:01 Wheelbarrow
20:10 Wheelbarrow
24:27 Heavy Plow
26:07 Forging
28:52 Light Cavalry
29:32 Husbandry
30:23 Scale Barding Armor
30:32 Bloodlines
32:12 Chain Barding Armor
32:28 Iron Casting
36:59 Imperial Age
37:16 Gold Mining
37:00 Hussar
38:17 Plate Barding Armor
39:33 Blast Furnace
40:38 Fletching
41:27 Conscription
42:48 Cavalier
43:33 Padded Archer Armor
43:29 Bodkin Arrow
45:06 Parthian Tactics
45:46 Leather Archer Armor
45:33 Bracer
46:05 Ballistics
vallet.gaetan
3:19 Loom
10:40 Feudal Age
11:35 Double-Bit Axe
19:35 Castle Age
18:23 Forging
18:54 Scale Barding Armor
19:22 Bloodlines
21:18 Bow Saw
21:16 Town Watch
24:34 Wheelbarrow
23:42 Horse Collar
27:16 Chain Barding Armor
28:45 Hand Cart
29:06 Husbandry
29:48 Stone Mining
30:23 Gold Mining
32:25 Iron Casting
36:10 Heavy Plow
38:42 Imperial Age
36:25 Szlachta Privileges
38:27 Fletching
40:29 Blast Furnace
38:51 Cavalier
42:50 Bodkin Arrow
NASPI
12:35 Feudal Age
11:45 Loom
16:41 Castle Age
14:58 Double-Bit Axe
16:21 Horse Collar
18:22 Padded Archer Armor
18:33 Bow Saw
20:27 Leather Archer Armor
20:25 Town Watch
22:29 Heavy Plow
29:27 Bloodlines
29:17 Husbandry
32:45 Stone Mining
PNAL | TommyA
11:33 Feudal Age
12:37 Double-Bit Axe
15:34 Castle Age
14:50 Horse Collar
16:19 Loom
18:41 Forging
20:06 Iron Casting
20:08 Wheelbarrow
19:46 Bow Saw
19:36 Heavy Plow
20:56 Bloodlines
23:37 Scale Barding Armor
24:25 Hand Cart
26:30 Chain Barding Armor
28:34 Husbandry
31:09 Town Watch
34:05 Imperial Age
31:59 Gold Mining
33:04 Heavy Plow
32:55 Stone Mining
34:10 Cavalier
35:56 Town Patrol
37:02 Blast Furnace
37:11 Plate Barding Armor
37:51 Vendel Legacy
38:52 Conscription
PNAL | Bebeganzo
8:13 Loom
10:27 Feudal Age
11:15 Double-Bit Axe
17:19 Castle Age
17:05 Fletching
16:59 Horse Collar
17:21 Gold Mining
17:44 Crossbowman
20:59 Bodkin Arrow
21:16 Bow Saw
21:17 Padded Archer Armor
23:24 Ballistics
25:49 Wheelbarrow
32:24 Imperial Age
30:34 Leather Archer Armor
30:48 Stone Mining
31:45 Gold Shaft Mining
31:35 Hand Cart
31:57 Heavy Plow
32:28 Town Watch
33:15 Masonry
34:17 Chemistry
33:26 Bracer
32:54 Arbalester
38:00 Conscription
39:33 Ring Archer Armor
39:39 Architecture
44:42 Town Patrol
PNAL | Diego Rodriguez
7:14 Loom
9:21 Feudal Age
10:07 Double-Bit Axe
16:16 Castle Age
14:20 Gold Mining
15:05 Padded Archer Armor
16:04 Fletching
21:14 Bow Saw
21:05 Bodkin Arrow
22:46 Crossbowman
28:31 Ballistics
30:41 Wheelbarrow
30:36 Horse Collar
31:46 Thumb Ring
33:19 Heavy Plow
37:27 Hand Cart
36:58 Town Watch
39:00 Town Patrol
39:18 Leather Archer Armor
41:50 Imperial Age
41:52 Arbalester
42:35 Bracer
43:05 Ring Archer Armor
43:38 Chemistry
44:28 Crop Rotation
44:59 Two-Man Saw
44:35 Stone Mining
44:08 Elite Skirmisher
45:57 Masonry
45:53 Siege Engineers
46:27 Fortified Wall
46:08 Guard Tower
46:04 Arrowslits
46:39 Bombard Tower
Connection lost

Rejoining the realm…

Still unreachable

The connection could not be restored.

Session expired

The server has moved on; the page needs a fresh start.